 Dungeon Crawl Stone Soup version 0.30-a0-857-gcaf7073 (webtiles) character file.

Game seed: 17090333913799004033

89 Dorkslayer the Trooper (level 4, 0/40 HPs)
             Began as a Hill Orc Fighter on Mar 5, 2023.
             Slain by a gnoll sergeant
             ... wielding a +1 heavy spear
              (16 damage)
             ... on level 3 of the Dungeon.
             The game lasted 00:05:13 (2110 turns).

Dorkslayer the Trooper (Hill Orc Fighter)           Turns: 2110, Time: 00:05:14

Health: 0/40       AC:  8    Str: 20    XL:     4   Next: 55%
Magic:  4/4        EV:  9    Int:  8    God:
Gold:   180        SH:  4    Dex: 10    Spells: 3/3 levels left

rFire   . . .      SeeInvis .    a - +0 war axe
rCold   . . .      Faith    .    c - +0 buckler
rNeg    . . .      Spirit   .    b - +0 scale mail
rPois   .          Reflect  .    (no helmet)
rElec   .          Rampage  .    i - +0 cloak
rCorr   .                        (no gloves)
Will    .....                    (no boots) Stlth
                                 (no amulet)
HPRegen 0.26/turn                (no ring)
MPRegen 0.09/turn                (no ring)

@: no status effects
A: no striking features
a: no special abilities


You were on level 3 of the Dungeon.
You visited 1 branch of the dungeon, and saw 3 of its levels.

You collected 180 gold pieces.

Inventory:

Hand Weapons
 a - a +0 war axe (weapon)
Armour
 b - a +0 scale mail (worn)
 c - a +0 buckler (worn)
 i - a +0 cloak (worn)
Scrolls
 e - 2 scrolls of amnesia
 h - a scroll of acquirement {unknown}
 k - 2 scrolls of enchant weapon {unknown}
 m - a scroll of magic mapping {unknown}
Potions
 d - a potion of might
 f - a potion of brilliance
 g - 2 potions of heal wounds
 j - a potion of haste
 l - a potion of cancellation {unknown}


   Skills:
 + Level 4.2 Fighting
 + Level 3.4 Axes
 + Level 3.8 Armour
 * Level 1.6 Dodging
 + Level 3.7 Shields


You had 3 spell levels left.
You didn't know any spells.
Your spell library contained the following spells:

 Spells                   Type           Power      Damage    Failure   Level
 Sublimation of Blood     Necr           0%         N/A       94%         2
 Petrify                  Tmut/Erth      0%         N/A       100%        4
 Irradiate                Conj/Tmut      0%         3d11      100%        5


Dungeon Overview and Level Annotations

Branches:
Dungeon (3/15)

Altars:
Ashenzari


Message History

You hit the goblin.
The goblin is moderately wounded.
You block the goblin's attack.
You slash the goblin!
You kill the goblin!
You hit the kobold.
You kill the kobold!
You barely miss the rat.
The rat bites you but does no damage. x2
You block the gnoll sergeant's attack.
You slash the orc!
You kill the orc!
You barely miss the rat. You block the rat's attack.
The gnoll sergeant hits you from afar with a +1 heavy spear.
You hit the rat but do no damage. The rat closely misses you.
You closely miss the rat. You block the rat's attack.
You block the gnoll sergeant's attack. The rat bites you but does no damage.
The gnoll sergeant hits you but does no damage.
The rat bites you but does no damage.
Items here: )) ††.
You slash the gnoll sergeant!
The gnoll sergeant is moderately wounded.
You hit the rat.
You kill the rat!
You block the gnoll sergeant's attack.
You barely miss the gnoll sergeant.
The gnoll sergeant is moderately wounded.
The gnoll sergeant hits you with a +1 heavy spear!
You hit the gnoll sergeant.
The gnoll sergeant is moderately wounded.
The gnoll sergeant hits you with a +1 heavy spear!
You hit the gnoll sergeant but do no damage.
The gnoll sergeant is moderately wounded.
The gnoll sergeant hits you with a +1 heavy spear!
You hit the gnoll sergeant.
The gnoll sergeant is heavily wounded.
You block the gnoll sergeant's attack.
You barely miss the gnoll sergeant.
The gnoll sergeant is heavily wounded.
The gnoll sergeant hits you with a +1 heavy spear!
You die...

#....# #........#'#..# .....#
###.##..##.##.## .....#
#.##..#...#..# .....#
#.##.#######.######### .....##
#.##.#|....#.##....... ###...####
#.#..#.....'..........
.........###...#########.#.......
####.###.......#).....?#.#.......
#.######..#.'@.....)#.#.......
#.........#.#†g....)#.#.......
########.##.#########.########
#..#..#.....'..# ##.##.#...).#.##
########....#######.#########
.............#.).#..#........
##########.#.##.##..#........
.........#'#...#........


You could see a gnoll sergeant.

Vanquished Creatures
  2 adders
  A worm (D:3)
  3 dart slugs
  2 orcs (D:3)
  8 ball pythons
  8 endoplasms
  2 giant cockroaches
  4 goblins
  8 hobgoblins
  5 kobolds
  A quokka (D:3)
  6 bats
  A frilled lizard (D:2)
  6 rats
57 creatures vanquished.

Notes
Turn   | Place    | Note
-------+----------+-------------------------------------------
     0 | D:1      | Dorkslayer the Hill Orc Fighter began the quest for the
                  | Orb.
     0 | D:1      | Reached XP level 1. HP: 19/19 MP: 1/1
    67 | D:1      | Reached XP level 2. HP: 10/27 MP: 2/2
   458 | D:1      | Reached XP level 3. HP: 33/33 MP: 3/3
   589 | D:2      | Reached skill level 1 in Dodging
   669 | D:2      | Reached skill level 4 in Fighting
   761 | D:2      | Found a broken altar of Ashenzari.
  1300 | D:3      | Reached XP level 4. HP: 30/40 MP: 4/4
  2097 | D:3      | Noticed a gnoll sergeant
  2110 | D:3      | Slain by a gnoll sergeant

Illustrated notes

Levels and vault maps discovered:
D:1:      psy_arrival_fountain, layout_rooms, minmay_misc_feat_tiny
D:2:      layout_loops_cross, basic_altar
D:3:      layout_basic, minmay_divided_ellipse

Skill      XL: |  1  2  3 |
---------------+----------+-----
Axes           | 3 |  3.4
Dodging        | 1 |  1.6
Fighting       | 4 |  4.2
Armour         | |  3.8
Shields        | |  3.7

Action                     |  1- 3 |  4- 6 || total
---------------------------+-------+-------++-------
  Melee: War axe           |   109 |    51 ||   160
    Use: Scroll            |     3 |     1 ||     4
 Armour: Scale mail        |    46 |    22 ||    68
  Dodge: Dodged            |    59 |    19 ||    78
  Block: Buckler           |    34 |    23 ||    57

Table legend: (Time is in decaauts)
 A = Elapsed time spent in this place.
 B = Non-inter-level travel time spent in this place.
 C = Inter-level travel time spent in this place.
 D = Time resting spent in this place.
 E = Time spent auto-exploring this place.
 F = Levels seen in this place.
 G = Mean time per level.
                   A        B        C        D        E       F      G
               +--------+--------+--------+--------+--------+-----+--------+
         Total |   2169 |   2169 |      0 |      0 |   1360 |   3 |  723.0 |
       Dungeon |   2169 |   2169 |      0 |      0 |   1360 |   3 |  723.0 |
               +--------+--------+--------+--------+--------+-----+--------+

Top non-repeatable levels by time:
     D:3: 884 daAuts
     D:2: 679 daAuts
     D:1: 605 daAuts
